 Dungeon Crawl Stone Soup version 0.19.5 (webtiles) character file.

996 tidbits the Slasher (level 7, -1/49 (50) HPs)
             Began as a High Elf Wanderer on Oct 30, 2017.
             Was an Initiate of Makhleb.
             Slain by p0werm0de's ghost (2 damage)
             ... on level 8 of the Dungeon on Oct 31, 2017.
             The game lasted 00:27:07 (3117 turns).

tidbits the Slasher (High Elf Wanderer)             Turns: 3117, Time: 00:27:07

HP:   -1/49 (50)    AC: 10    Str: 16    XL:     7   Next: 99%
MP:   10/10         EV: 16    Int: 17    God:    Makhleb [......]
Gold: 283           SH:  5    Dex: 15    Spells: 0 memorised, 6 levels left

rFire  . . .     SeeInvis .     b - +0 falchion
rCold  . . .     Gourm    .     B - +0 ring mail
rNeg   . . .     Faith    .     D - +0 buckler
rPois  .         Spirit   .     E - +0 helmet
rElec  .         Reflect  .     C - +0 cloak
rCorr  .         Harm     .     G - +0 pair of gloves (curse)
MR     .....                    (no boots)
Stlth  +.........               n - amulet of rage
                                x - +4 ring of strength
                                V - +3 ring of evasion

@: exhausted, slowed, very slow
A: iridescent scales 1, regeneration 1, screaming 1
a: Renounce Religion, Evoke Berserk Rage


You were on level 8 of the Dungeon.
You worshipped Makhleb.
Makhleb was noncommittal.
You were near starving.

You visited 2 branches of the dungeon, and saw 9 of its levels.

You collected 283 gold pieces.

Inventory:

Hand Weapons
 a - a +0 dagger of venom
   (You took it off an orc wizard on level 3 of the Dungeon)
 b - a +0 falchion (weapon)
 e - a +0 dagger
 z - a +2 quarterstaff
 J - a +0 scythe of venom
   (You took it off Sigmund on level 5 of the Dungeon)
Missiles
 h - 149 stones (quivered)
 i - 149 arrows
 H - 43 sling bullets
Armour
 d - a +0 robe
 B - a +0 ring mail (worn)
   (You found it on level 1 of the Dungeon)
 C - a +0 cloak (worn)
   (You found it on level 2 of the Dungeon)
 D - a +0 buckler (worn)
   (You found it on level 2 of the Dungeon)
 E - a +0 helmet (worn)
   (You found it on level 1 of the Dungeon)
 G - a cursed +0 pair of gloves (worn)
   (You found it on level 4 of the Dungeon)
Magical Staves
 o - an uncursed staff of summoning {unknown}
   (You found it on level 3 of the Dungeon)
Jewellery
 n - an amulet of rage (around neck)
   (You found it on level 1 of the Dungeon)
 p - a +3 ring of intelligence
   (You found it on level 6 of the Dungeon)
 s - an uncursed ring of stealth
   (You found it on level 1 of the Dungeon)
 x - a +4 ring of strength (right hand)
   (You found it on level 2 of the Dungeon)
 V - a +3 ring of evasion (left hand)
   (You found it on level 3 of the Dungeon)
Wands
 y - a wand of hasting (2/9)
   (You found it on level 4 of the Dungeon)
Scrolls
 j - a scroll of amnesia {unknown}
 l - a scroll of enchant weapon {unknown}
 m - a scroll of random uselessness {unknown}
 q - a scroll of fear {unknown}
 r - a scroll of remove curse
 v - 4 scrolls of noise
 A - a scroll of fog {unknown}
 I - a scroll of immolation {unknown}
 L - a scroll of recharging
Potions
 f - 2 potions of lignification
 g - 3 potions of cure mutation
 t - a potion of magic
 u - a potion of mutation {!q}
 F - a potion of curing
 K - a potion of degeneration {unknown}
 M - a potion of heal wounds
Comestibles
 c - 5 bread rations
 k - 7 meat rations
 w - 2 slices of pizza


   Skills:
 - Level 5.0 Fighting
 + Level 7.4 Long Blades
 - Level 1.0 Staves
 - Level 4.2 Dodging
 - Level 2.1 Stealth
 - Level 4.0 Shields
 - Level 3.2 Evocations


You had 6 spell levels left.
You didn't know any spells.

Dungeon Overview and Level Annotations

Branches:
Dungeon (8/15)             Temple (1/1) D:5
   Lair: D:8-11

Altars:
Ashenzari
Cheibriados
Dithmenos
Elyvilon
Fedhas
Gozag
Hepliaklqana
Makhleb
Nemelex Xobeh
Okawaru
Qazlal
Ru
Sif Muna
Trog
Uskayaw
Vehumet
Xom
Yredelemnul
Zin
The Shining One

Annotations:
D:1 1 runed door
D:8 p0werm0de's ghost, novice HECK


Innate Abilities, Weirdness & Mutations

You are partially covered in iridescent scales. (AC +2)
Your natural rate of healing is unusually fast.
You occasionally shout uncontrollably at your foes.


Message History

Found a potion of heal wounds.
There is a stone staircase leading up here.
The orc moves out of view.
Found an encrusted brass wand.
You see here a potion of heal wounds.
M - a potion of heal wounds The orc falls through a shaft!
The shaft crumbles and collapses.
The orc shouts!
An orc comes into view. It is wielding a hand axe.
The orc shouts!
P0werm0de's ghost (novice High Elf Chaos Knight) comes into view.
It is wielding a weapon of flaming.
You barely miss the orc.
P0werm0de's ghost turns its malevolent gaze towards you.
The orc closely misses you.
You hit the orc.
The orc is poisoned.
The orc is severely wounded.
The orc barely misses you.
You closely miss the orc.
The orc is severely wounded.
You kill the orc!
Makhleb accepts your kill.
You hit the orc.
The orc is poisoned.
The orc is moderately wounded.
The orc barely misses you.
You hit the orc.
The orc looks as sick as possible!
The orc is almost dead.
The orc barely misses you.
You closely miss the orc.
The orc is almost dead.
You kill the orc!
Makhleb accepts your kill.
Wield which item (- for none, * to show all)? (? for menu, Esc to quit)
Your +0 dagger of venom stops dripping with poison.
b - a +0 falchion (weapon)
P0werm0de's ghost hits you! P0werm0de's ghost burns you.
A red film seems to cover your vision as you go berserk!
You feel yourself moving faster!
You feel mighty!
You are near starving!
P0werm0de's ghost closely misses you.
You riposte.
You hit p0werm0de's ghost but do no damage.
You hit p0werm0de's ghost but do no damage.
P0werm0de's ghost tries to make a funny facial expression.
P0werm0de's ghost barely misses you.
You slash p0werm0de's ghost!
P0werm0de's ghost is lightly damaged.
You slash p0werm0de's ghost!
P0werm0de's ghost is moderately damaged.
P0werm0de's ghost hits you. P0werm0de's ghost burns you.
You miss p0werm0de's ghost.
P0werm0de's ghost is moderately damaged.
P0werm0de's ghost hits you! P0werm0de's ghost burns you.
You hit p0werm0de's ghost but do no damage.
P0werm0de's ghost is moderately damaged.
You closely miss p0werm0de's ghost.
P0werm0de's ghost is moderately damaged.
P0werm0de's ghost barely misses you.
You slash p0werm0de's ghost!
P0werm0de's ghost is severely damaged.
You miss p0werm0de's ghost.
P0werm0de's ghost is severely damaged.
P0werm0de's ghost hits you!
* * * LOW HITPOINT WARNING * * *
P0werm0de's ghost burns you.
* * * LOW HITPOINT WARNING * * *
You closely miss p0werm0de's ghost.
P0werm0de's ghost is severely damaged.
P0werm0de's ghost completely misses you.
You hit p0werm0de's ghost.
P0werm0de's ghost is severely damaged.
You closely miss p0werm0de's ghost.
P0werm0de's ghost is severely damaged.
P0werm0de's ghost hits you!
* * * LOW HITPOINT WARNING * * *
P0werm0de's ghost burns you.
* * * LOW HITPOINT WARNING * * *
You slash p0werm0de's ghost!
P0werm0de's ghost is almost destroyed.
You hit p0werm0de's ghost but do no damage.
P0werm0de's ghost is almost destroyed.
P0werm0de's ghost hits you!
* * * LOW HITPOINT WARNING * * *
P0werm0de's ghost burns you.
* * * LOW HITPOINT WARNING * * *
You hit p0werm0de's ghost.
P0werm0de's ghost is almost destroyed.
You block p0werm0de's ghost's attack.
You closely miss p0werm0de's ghost.
P0werm0de's ghost is almost destroyed.
You miss p0werm0de's ghost.
P0werm0de's ghost is almost destroyed.
P0werm0de's ghost hits you but does no damage.
You feel a strong urge to attack something.
You are no longer berserk.
You are exhausted.
You feel yourself slow down.
There is a stone staircase leading up here.
P0werm0de's ghost hits you.
* * * LOW HITPOINT WARNING * * *
P0werm0de's ghost burns you.
You die...

#.# #.. #.# #
#.# # #.
#.#.#
#..###.#.# .
#/.oW....#
.....####W###
........@.#
...########


You could see p0werm0de's ghost.

Vanquished Creatures
  Sigmund (D:5)
  A sky beast (D:5)
  A necrophage (D:5)
  A bullfrog (D:6)
  A howler monkey (D:4)
  An orc priest (D:4)
  A hound (D:4)
  3 orc wizards
  An iguana (D:4)
  8 worker ants
  Natasha (D:3)
  4 adders
  A shadow imp (D:5)
  2 oozes
  2 adder skeletons (D:5)
  6 worms
  3 dart slugs
  3 leopard geckos
  20 orcs
  7 giant cockroaches
  2 goblins
  3 hobgoblins
  6 jackals
  A quokka (D:3)
  3 ball pythons
  4 bats
  2 frilled lizards
  10 kobolds
  A leopard gecko zombie (D:6)
  A quokka skeleton (D:4)
  3 rats (D:1)
104 creatures vanquished.

Notes
Turn   | Place    | Note
-------+----------+-------------------------------------------
     0 | D:1      | tidbits the High Elf Wanderer began the quest for the Orb.
     0 | D:1      | tidbits set off with: a +2 quarterstaff, a +0 falchion, a potion of lignification, a +0 robe, a +0 dagger, a bread ration
     0 | D:1      | Reached XP level 1. HP: 18/18 MP: 2/2
     1 | D:1      | Found a runed door.
   208 | D:1      | Reached skill level 3 in Dodging
   231 | D:1      | Reached XP level 2. HP: 22/24 MP: 3/3
   353 | D:2      | Reached skill level 4 in Dodging
   353 | D:2      | Reached XP level 3. HP: 26/29 MP: 4/4
   806 | D:2      | Reached skill level 1 in Evocations
   910 | D:2      | Reached skill level 2 in Evocations
   910 | D:2      | Reached XP level 4. HP: 23/35 MP: 6/6
  1155 | D:3      | Reached skill level 3 in Evocations
  1158 | D:3      | Gained mutation: You are surrounded by a mild repulsion field. (EV +2) [potion of mutation]
  1158 | D:3      | Gained mutation: You possess an exceptional clarity of mind. [potion of mutation]
  1159 | D:3      | Lost mutation: You possess an exceptional clarity of mind. [potion of cure mutation]
  1159 | D:3      | Lost mutation: You are surrounded by a mild repulsion field. (EV +2) [potion of cure mutation]
  1160 | D:3      | HP: 3/35 [poisoned by an orc wizard]
  1161 | D:3      | HP: 1/35 [poisoned by an orc wizard]
  1270 | D:4      | Reached skill level 1 in Long Blades
  1270 | D:4      | Reached XP level 5. HP: 23/39 MP: 8/8
  1307 | D:4      | Reached skill level 1 in Shields
  1356 | D:4      | Gained mutation: You occasionally shout uncontrollably at your foes. [potion of mutation]
  1356 | D:4      | Gained mutation: You are partially covered in iridescent scales. (AC +2) [potion of mutation]
  1356 | D:4      | Gained mutation: Your natural rate of healing is unusually fast. [potion of mutation]
  1380 | D:4      | Reached skill level 2 in Long Blades
  1551 | D:3      | Noticed Natasha
  1562 | D:3      | Killed Natasha
  1721 | D:4      | Reached skill level 3 in Long Blades
  1721 | D:4      | Reached XP level 6. HP: 45/45 MP: 9/9
  1741 | D:4      | Reached skill level 2 in Shields
  1755 | D:5      | Entered Level 5 of the Dungeon
  1821 | D:5      | Noticed Sigmund
  1839 | D:5      | Killed Sigmund
  1839 | D:5      | Reached skill level 4 in Long Blades
  1839 | D:5      | Reached skill level 3 in Shields
  1894 | D:5      | Noticed a sky beast
  1938 | D:5      | Killed a sky beast
  1938 | D:5      | Reached skill level 5 in Long Blades
  1938 | D:5      | Reached XP level 7. HP: 50/50 MP: 10/10
  2109 | D:5      | Found a radiant altar of Vehumet.
  2177 | D:5      | Reached skill level 4 in Shields
  2379 | D:4      | Reached skill level 6 in Long Blades
  2791 | D:5      | Found a staircase to the Ecumenical Temple.
  2797 | Temple   | Entered the Ecumenical Temple
  2825 | Temple   | Became a worshipper of Makhleb the Destroyer
  2997 | D:6      | Reached skill level 7 in Long Blades
  3089 | D:8      | Noticed p0werm0de's ghost (novice HECK)
  3110 | D:8      | HP: 3/73 [p0werm0de's ghost (12)]
  3117 | D:8      | HP: 1/49 [p0werm0de's ghost (4)]
  3117 | D:8      | Slain by p0werm0de's ghost

Skill      XL: |  1  2  3  4  5  6  7 |
---------------+----------------------+-----
Dodging        | 3 4 |  4.2
Evocations     | 2 3 |  3.2
Long Blades    | 1 3 5 7 |  7.4
Shields        | 1 3 4 |  4.0
Fighting       | |  5.0
Staves         | |  1.0
Stealth        | |  2.1

Action                   |  1- 3 |  4- 6 |  7- 9 || total
-------------------------+-------+-------+-------++-------
Melee: Quarterstaff      |    81 |    23 |       ||   104
       Dagger            |       |   116 |   107 ||   223
       Falchion          |       |    12 |    34 ||    46
Throw: Stone             |       |     3 |       ||     3
 Abil: Evoke Berserk Rag |     1 |     7 |     2 ||    10
  Use: Potion            |       |     6 |       ||     6
       Scroll            |       |     1 |     6 ||     7
 Stab: Sleeping          |     3 |     2 |     1 ||     6
  Eat: Chunk             |       |    10 |     5 ||    15
Armor: Ring mail         |    30 |    40 |    19 ||    89
Dodge: Dodged            |    61 |    95 |    47 ||   203
Block: Buckler           |       |    23 |    24 ||    47
       Rpst.: Falchion   |       |     5 |     5 ||    10

Table legend:
 A = Turns spent in this place as a percentage of turns spent in the entire game.
 B = Non-inter-level travel turns spent in this place as a percentage of non-inter-level travel turns spent in the entire game.
 C = Inter-level travel turns spent in this place as a percentage of turns spent in this place.
 D = Turns resting spent in this place as a percentage of non-inter-level travel turns spent in this place.
 E = Turns spent auto-exploring this place as a percentage of non-inter-level travel turns spent in this place.
 F = Non-inter-level travel turns spent in this place divided by the number of levels of this place that you've seen.
                   A       B       C       D       E      F
               +-------+-------+-------+-------+-------+----------------------
         Total | 100.0 | 100.0 |   0.1 |   0.0 |   0.0 | 297.8
       Dungeon |  98.4 |  98.4 |   0.1 |   0.0 |   0.0 | 329.6
        Temple |   1.6 |   1.6 |   2.3 |   0.0 |   0.0 |  43.0
               +-------+-------+-------+-------+-------+----------------------

Table legend:
 A = Kills in this place as a percentage of kills in entire the game.
 B = Kills by you in this place as a percentage of kills by you in the entire game.
 C = Kills by friends in this place as a percentage of kills by friends in the entire game.
 D = Other kills in this place as a percentage of other kills in the entire game.
 E = Experience gained in this place as a percentage of experience gained in the entire game.
 F = Experience gained in this place divided by the number of levels of this place that you have seen.
                   A       B       C       D       E      F
               +-------+-------+-------+-------+-------+----------------------
         Total | 100.0 | 100.0 |  -nan |  -nan | 100.0 | 158.2
       Dungeon | 100.0 | 100.0 |  -nan |  -nan | 100.0 | 178.0
               +-------+-------+-------+-------+-------+----------------------

Vault maps used:
D:1:      dpeg_arrival_caged_fury, interstate_on_off, minmay_tetromino_l2
D:3:      uniq_natasha
D:5:      minmay_temple_entry_fiery, first_bread, basic_altar,
          grunt_ministairs_10, minmay_misc_feat_rows, uniq_sigmund
D:8:      the_bakery
Temple:   dpeg_three_leaves_temple
